 Dungeon Crawl Stone Soup version 0.26.0-16-gc1dbca0489 (webtiles) character file.

Game seed: 5249349177170074920

72 Eitelfritz the Skirmisher (level 4, -1/40 HPs)
             Began as a Hill Orc Fighter on Jan 17, 2021.
             Slain by a worm (6 damage)
             ... on level 3 of the Dungeon.
             The game lasted 00:05:09 (2712 turns).

Eitelfritz the Skirmisher (Hill Orc Fighter)        Turns: 2712, Time: 00:05:10

Health: -1/40      AC:  7    Str: 19    XL:     4   Next: 25%
Magic:  4/4        EV:  9    Int:  8    God:
Gold:   128        SH:  0    Dex: 10    Spells: 3/3 levels left

rFire    . . .     SeeInvis .   a - +0 long sword
rCold    . . .     Faith    .   (no shield)
rNeg     . . .     Spirit   .   b - +0 scale mail
rPois    .         Reflect  .   (no helmet)
rElec    .         Harm     .   (no cloak)
rCorr    .         Rampage  .   (no gloves)
Will     .....                  (no boots)
Stlth    ..........             (no amulet)
HPRegen  0.13/turn              (no ring)
MPRegen  0.09/turn              (no ring)

@: no status effects
A: no striking features
a: no special abilities


You were on level 3 of the Dungeon.
You visited 1 branch of the dungeon, and saw 3 of its levels.

You collected 128 gold pieces.

Inventory:

Hand Weapons
 a - a +0 long sword (weapon)
 j - a +0 flail
 o - a +0 spear
Missiles
 r - 7 atropa-tipped darts (quivered)
 s - 37 poisoned darts
Armour
 b - a +0 scale mail (worn)
 c - a +0 kite shield
Scrolls
 e - 3 scrolls of remove curse {unknown}
 f - 3 scrolls of identify {unknown}
 k - 2 scrolls of noise {unknown}
 m - 2 scrolls of teleportation {unknown}
 n - 2 scrolls of enchant weapon {unknown}
 p - a scroll of blinking {unknown}
 q - a scroll of random uselessness {unknown}
Potions
 d - a potion of might
 g - a potion of ambrosia {unknown}
 h - 2 potions of lignification {unknown}
 i - 4 potions of curing {unknown}
 l - a potion of haste {unknown}
 t - a potion of degeneration {unknown}


   Skills:
 + Level 4.2 Fighting
 + Level 3.1 Long Blades
 + Level 4.0 Armour
 + Level 0.2 Dodging
 + Level 3.7 Shields


You had 3 spell levels left.
You didn't know any spells.
Your spell library was empty.

Dungeon Overview and Level Annotations

Branches:
Dungeon (3/15)

Altars:
Wu Jian

Annotations:
D:3 Purgy


Message History

The worm is moderately wounded.
You barely miss the worm.
The worm is moderately wounded.
The bat closely misses you. The kobold hits you but does no damage.
The worm bites you! The bat closely misses you.
The kobold completely misses you.
You riposte.
You hit the kobold.
The kobold is moderately wounded.
You barely miss the worm.
The worm is moderately wounded.
The bat barely misses you.
You riposte.
You closely miss the bat.
The bat is heavily wounded.
The bat closely misses you. The kobold hits you but does no damage.
The worm bites you!
* * * LOW HITPOINT WARNING * * *
The bat closely misses you.
You hit the bat.
The bat is severely wounded.
The bat hits you but does no damage. x2; The kobold closely misses you.
The worm bites you.
You die...

#...(...#<....#
####....#####.#
#.......##.#
##'####.##.# #....#.##.#
###.#############.#.##.#
+.................#.##.#
##.###b#########)#.##.#
#.@K......##.#.##.#
#..w......##...#
#.........###..#
+.........# #..#
#.$.......# #..#
#.........# #..#
#.........# ##..
#.........# #..# #.#


You could see a worm, a bat and a kobold.

Vanquished Creatures
  A gnoll (D:1)
  A dart slug (D:1)
  2 leopard geckos (D:1)
  3 orcs (D:3)
  3 giant cockroaches
  6 goblins
  6 hobgoblins
  2 jackals (D:1)
  A quokka (D:2)
  9 bats
  3 frilled lizards
  5 kobolds
  11 rats
53 creatures vanquished.

Vanquished Creatures (others)
  6 plants (D:2)
6 creatures vanquished.

Grand Total: 59 creatures vanquished

Notes
Turn   | Place    | Note
-------+----------+-------------------------------------------
     0 | D:1      | Eitelfritz the Hill Orc Fighter began the quest for the
                  | Orb.
     0 | D:1      | Reached XP level 1. HP: 19/19 MP: 1/1
   267 | D:1      | Reached XP level 2. HP: 27/27 MP: 2/2
   588 | D:1      | Reached XP level 3. HP: 21/33 MP: 3/3
  1252 | D:2      | Found an ornate altar of the Wu Jian Council.
  1768 | D:2      | Reached XP level 4. HP: 40/40 MP: 4/4
  2292 | D:3      | Noticed Purgy
  2712 | D:3      | Slain by a worm

Illustrated notes

Levels and vault maps discovered:
D:1:      arrival_zaba_pyramid, layout_basic
D:2:      layout_loops_corners, lemuel_round_altar, serial_bayou_lake_a
D:3:      layout_basic, uniq_purgy, uniq_sigmund

Skill      XL: |  1  2  3  4 |
---------------+-------------+-----
Fighting       | 4 |  4.2
Long Blades    | 3 |  3.1
Armour         | 4 |  4.0
Dodging        | |  0.2
Shields        | |  3.7

Action                   |  1- 3 |  4- 6 || total
-------------------------+-------+-------++-------
Melee: Long sword        |   146 |    36 ||   182
Armor: Scale mail        |    90 |    28 ||   118
Dodge: Dodged            |    95 |    29 ||   124
       Rpst.: Long sword |    30 |     8 ||    38
